 Dungeon Crawl Stone Soup version 0.27-a0-223-ge082b6e869 (webtiles) character file.

Game seed: 8384409864133682858

25 inqbanana the Skirmisher (level 3, -8/29 HPs)
             Began as a Formicid Abyssal Knight on Feb 2, 2021.
             Was a Believer of Lugonu.
             Engulfed by a cloud of flame (26 damage)
             ... on level 1 of the Dungeon.
             The game lasted 00:01:59 (627 turns).

inqbanana the Skirmisher (Formicid Abyssal Knight)   Turns: 627, Time: 00:01:59

Health: -8/29      AC:  5    Str: 16    XL:     3   Next: 17%
Magic:  5/5        EV: 11    Int: 11    God:    Lugonu [**....]
Gold:   49         SH:  0    Dex: 11    Spells: 2/2 levels left

rFire    . . .     SeeInvis +   a - +1 hand axe
rCold    . . .     Faith    .   (no shield)
rNeg     . . .     Spirit   .   b - +1 leather armour
rPois    .         Reflect  .   (helmet unavailable)
rElec    .         Harm     .   (no cloak)
rCorr    .         Rampage  .   i - +0 pair of gloves
Will     .....                  (no boots)
Stlth    +.........             (no amulet)
HPRegen  0.09/turn              (no ring)
MPRegen  0.09/turn              (no ring)

@: no status effects
A: permanent stasis, dig shafts and tunnels, four strong arms, antennae 3
a: Dig, Shaft Self, Renounce Religion, Depart the Abyss, Bend Space


You were on level 1 of the Dungeon.
You worshipped Lugonu.
Lugonu was pleased with you.
You visited 1 branch of the dungeon, and saw 1 of its levels.
You visited the Abyss 1 time.

You collected 49 gold pieces.

Inventory:

Hand Weapons
 a - a +1 hand axe (weapon)
Armour
 b - a +1 leather armour (worn)
 i - a +0 pair of gloves (worn)
Scrolls
 e - a scroll of blinking {unknown}
 f - a scroll of fear {unknown}
 g - 2 scrolls of identify {unknown}
 j - a scroll of amnesia {unknown}
Potions
 c - a potion of lignification {unknown}
 d - a potion of mutation {unknown}
 h - a potion of heal wounds {unknown}


   Skills:
 + Level 3.4 Fighting
 + Level 2.2 Axes
 + Level 2.5 Armour
 + Level 1.2 Dodging
 + Level 0.8 Stealth
 * Level 2.8 Invocations


You had 2 spell levels left.
You didn't know any spells.
Your spell library was empty.

Dungeon Overview and Level Annotations

Branches:
Dungeon (1/15)

Altars:


Innate Abilities, Weirdness & Mutations

You cannot be hasted, slowed, berserked, paralysed or teleported.
You can dig through walls and to a lower floor.
Your four strong arms can wield two-handed weapons with a shield.
You have a pair of large antennae on your head. (SInv)


Message History

You dig through the rock wall.
You dig through the rock wall.
You can't dig through that.
You extend your mandibles.
You dig through the rock wall.
You dig through the rock wall.
You dig through the rock wall.
You dig through the rock wall.
You dig through the rock wall.
You dig through the rock wall.
You dig through the rock wall.
You dig through the rock wall.
Found 17 gold pieces.
You retract your mandibles.
Really walk into a travel-excluded area?
You now have 49 gold pieces (gained 7).
Really walk into that cloud of flame?
You are engulfed in blazing flames.
Ouch! That really hurt!
You die...

......(..........##.# ##†#
##..######..........##########.##
#..# #.#.....)####..........(.
#..####.###...### #...#####.####
#..)...## ##..# #..○ #.#
#..####.###.### #§§. #.# #.##
##.#.## #§§§# #.# #.# ##(##
######...#####.# #.# #.#
##.@§§..$$..☼°..# #.#
##.###..☼§○.$...☼°°..# #.
#.......§°°.$...°☼§..#
.....##.#####...#####.# ##...##.#
#°§§# #.# ######.# #§§☼# #.# #.#
#°.°# #.# #.#####..†#####.#
#....####.......#


There were no monsters in sight!

Vanquished Creatures
  A dart slug (D:1)
  A ball python (D:1)
  4 giant cockroaches (D:1)
  4 goblins (D:1)
  A hobgoblin (D:1)
  2 kobolds (D:1)
  4 bats (D:1)
  A frilled lizard (D:1)
  2 rats (D:1)
20 creatures vanquished.

Vanquished Creatures (others)
  A frilled lizard (D:1)
  A rat (D:1)
2 creatures vanquished.

Grand Total: 22 creatures vanquished

Notes
Turn   | Place    | Note
-------+----------+-------------------------------------------
     0 | Abyss:1  | inqbanana the Formicid Abyssal Knight began the quest for
                  | the Orb.
     0 | Abyss:1  | Reached XP level 1. HP: 18/18 MP: 2/2
     2 | Abyss:1  | Found a corrupted altar of Lugonu.
    34 | Abyss:1  | Noticed a chaos spawn
    47 | Abyss:1  | Noticed an iron imp
    65 | D:1      | Escaped the Abyss
   209 | D:1      | Reached skill level 1 in Dodging
   212 | D:1      | Reached XP level 2. HP: 23/24 MP: 3/3
   526 | D:1      | Reached XP level 3. HP: 17/29 MP: 5/5
   545 | D:1      | Reached ** piety under Lugonu
   627 | D:1      | Engulfed by a cloud of flame

Illustrated notes

Levels and vault maps discovered:
D:1:      nicolae_arrival_somewhat_less_tricky_arrival, layout_loops_ring,
          lemuel_flame_loot_1

Skill      XL: |  1 |
---------------+----+-----
Dodging        | 1 |  1.2
Fighting       | |  3.4
Axes           | |  2.2
Armour         | |  2.5
Stealth        | |  0.8
Invocations    | |  2.8

Action                   || total
-------------------------++-------
Melee: Hand axe          ||    45
 Abil: Dig               ||    16
  Use: Scroll            ||     1
Armor: Leather armour    ||    19
Dodge: Dodged            ||    28

Table legend: (Time is in decaauts)
 A = Elapsed time spent in this place.
 B = Non-inter-level travel time spent in this place.
 C = Inter-level travel time spent in this place.
 D = Time resting spent in this place.
 E = Time spent auto-exploring this place.
 F = Levels seen in this place.
 G = Mean time per level.
                   A        B        C        D        E       F      G
               +--------+--------+--------+--------+--------+-----+--------+
         Total |    649 |    649 |      0 |      0 |    339 |   2 |  324.5 |
       Dungeon |    584 |    584 |      0 |      0 |    334 |   1 |  584.0 |
         Abyss |     65 |     65 |      0 |      0 |      5 |   1 |   65.0 |
               +--------+--------+--------+--------+--------+-----+--------+

Top non-repeatable levels by time:
     D:1: 584 daAuts
 Abyss:1: 65 daAuts
